Workbook

Sheet INDEXACIÓN Y HONORARIOS
A3: Colombia, Indice de Precios al Consumidor (IPC)
A5: Variaciones porcentuales 2003 - 2025
A6: AÑO 2025, MES 4 | X6: Base Diciembre de 2018 = 100,00
A7: Mes | B7: 2003 | C7: 2004 | D7: 2005 | E7: 2006 | F7: 2007 | G7: 2008 | H7: 2009 | I7: 2010 | J7: 2011 | K7: 2012 | L7: 2013 | M7: 2014 | N7: 2015 | O7: 2016 | P7: 2017 | Q7: 2018 | R7: 2019 | S7: 2020 | T7: 2021 | U7: 2022 | V7: 2023 | W7: 2024 | X7: 2025
A8: Enero | B8: 1.17 | C8: 0.89 | D8: 0.82 | E8: 0.54 | F8: 0.77 | G8: 1.06 | H8: 0.59 | I8: 0.69 | J8: 0.91 | K8: 0.73 | L8: 0.3 | M8: 0.49 | N8: 0.64 | O8: 1.29 | P8: 1.02 | Q8: 0.63 | R8: 0.6 | S8: 0.42 | T8: 0.41 | U8: 1.67 | V8: 1.78 | W8: 0.92 | X8: 0.94
A9: Febrero | B9: 1.11 | C9: 1.2 | D9: 1.02 | E9: 0.66 | F9: 1.17 | G9: 1.51 | H9: 0.84 | I9: 0.83 | J9: 0.6 | K9: 0.61 | L9: 0.44 | M9: 0.63 | N9: 1.15 | O9: 1.28 | P9: 1.01 | Q9: 0.71 | R9: 0.57 | S9: 0.67 | T9: 0.64 | U9: 1.63 | V9: 1.66 | W9: 1.09 | X9: 1.14
A10: Marzo | B10: 1.05 | C10: 0.98 | D10: 0.77 | E10: 0.7 | F10: 1.21 | G10: 0.81 | H10: 0.5 | I10: 0.25 | J10: 0.27 | K10: 0.12 | L10: 0.21 | M10: 0.39 | N10: 0.59 | O10: 0.94 | P10: 0.47 | Q10: 0.24 | R10: 0.43 | S10: 0.57 | T10: 0.51 | U10: 1 | V10: 1.05 | W10: 0.7 | X10: 0.52
A11: Abril | B11: 1.15 | C11: 0.46 | D11: 0.44 | E11: 0.45 | F11: 0.9 | G11: 0.71 | H11: 0.32 | I11: 0.46 | J11: 0.12 | K11: 0.14 | L11: 0.25 | M11: 0.46 | N11: 0.54 | O11: 0.5 | P11: 0.47 | Q11: 0.46 | R11: 0.5 | S11: 0.16 | T11: 0.59 | U11: 1.25 | V11: 0.78 | W11: 0.59 | X11: 0.66
A12: Mayo | B12: 0.49 | C12: 0.38 | D12: 0.41 | E12: 0.33 | F12: 0.3 | G12: 0.93 | H12: 0.01 | I12: 0.1 | J12: 0.28 | K12: 0.3 | L12: 0.28 | M12: 0.48 | N12: 0.26 | O12: 0.51 | P12: 0.23 | Q12: 0.25 | R12: 0.31 | S12: -0.32 | T12: 1 | U12: 0.84 | V12: 0.43 | W12: 0.43
A13: Junio | B13: -0.05 | C13: 0.6 | D13: 0.4 | E13: 0.3 | F13: 0.12 | G13: 0.86 | H13: -0.06 | I13: 0.11 | J13: 0.32 | K13: 0.08 | L13: 0.23 | M13: 0.09 | N13: 0.1 | O13: 0.48 | P13: 0.11 | Q13: 0.15 | R13: 0.27 | S13: -0.38 | T13: -0.05 | U13: 0.51 | V13: 0.3 | W13: 0.32
A14: Julio | B14: -0.14 | C14: -0.03 | D14: 0.05 | E14: 0.41 | F14: 0.17 | G14: 0.48 | H14: -0.04 | I14: -0.04 | J14: 0.14 | K14: -0.02 | L14: 0.04 | M14: 0.15 | N14: 0.19 | O14: 0.52 | P14: -0.05 | Q14: -0.13 | R14: 0.22 | S14: 0 | T14: 0.32 | U14: 0.81 | V14: 0.5 | W14: 0.2
A15: Agosto | B15: 0.31 | C15: 0.03 | D15: 0 | E15: 0.39 | F15: -0.13 | G15: 0.19 | H15: 0.04 | I15: 0.11 | J15: -0.03 | K15: 0.04 | L15: 0.08 | M15: 0.2 | N15: 0.48 | O15: -0.32 | P15: 0.14 | Q15: 0.12 | R15: 0.09 | S15: -0.01 | T15: 0.45 | U15: 1.02 | V15: 0.7 | W15: 0
A16: Septiembre | B16: 0.22 | C16: 0.3 | D16: 0.43 | E16: 0.29 | F16: 0.08 | G16: -0.19 | H16: -0.11 | I16: -0.14 | J16: 0.31 | K16: 0.29 | L16: 0.29 | M16: 0.14 | N16: 0.72 | O16: -0.05 | P16: 0.04 | Q16: 0.16 | R16: 0.23 | S16: 0.32 | T16: 0.38 | U16: 0.93 | V16: 0.54 | W16: 0.24
A17: Octubre | B17: 0.06 | C17: -0.01 | D17: 0.23 | E17: -0.14 | F17: 0.01 | G17: 0.35 | H17: -0.13 | I17: -0.09 | J17: 0.19 | K17: 0.16 | L17: -0.26 | M17: 0.16 | N17: 0.68 | O17: -0.06 | P17: 0.02 | Q17: 0.12 | R17: 0.16 | S17: -0.06 | T17: 0.01 | U17: 0.72 | V17: 0.25 | W17: -0.13
A18: Noviembre | B18: 0.35 | C18: 0.28 | D18: 0.11 | E18: 0.24 | F18: 0.47 | G18: 0.28 | H18: -0.07 | I18: 0.19 | J18: 0.14 | K18: -0.14 | L18: -0.22 | M18: 0.13 | N18: 0.6 | O18: 0.11 | P18: 0.18 | Q18: 0.12 | R18: 0.1 | S18: -0.15 | T18: 0.5 | U18: 0.77 | V18: 0.47 | W18: 0.27
A19: Diciembre | B19: 0.61 | C19: 0.3 | D19: 0.07 | E19: 0.23 | F19: 0.49 | G19: 0.44 | H19: 0.08 | I19: 0.65 | J19: 0.42 | K19: 0.09 | L19: 0.26 | M19: 0.27 | N19: 0.62 | O19: 0.42 | P19: 0.38 | Q19: 0.3 | R19: 0.26 | S19: 0.38 | T19: 0.73 | U19: 1.26 | V19: 0.45 | W19: 0.46
A20: En año corrido | B20: 6.49 | C20: 5.5 | D20: 4.85 | E20: 4.48 | F20: 5.69 | G20: 7.67 | H20: 2 | I20: 3.17 | J20: 3.73 | K20: 2.44 | L20: 1.94 | M20: 3.66 | N20: 6.77 | O20: 5.75 | P20: 4.09 | Q20: 3.18 | R20: 3.8 | S20: 1.61 | T20: 5.62 | U20: 13.12 | V20: 9.28 | W20: 5.2 | X20: 3.3
A22: Fuente: DANE.
A23: Nota: La diferencia en la suma de las variables, obedece al sistema de aproximación y redondeo.
A24: Actualizado el 8 de Mayo de 2025
A26: 1. PROYECCIÓN IPC
A27: Escala de tiempo | B27: Valores | C27: Previsión | D27: Límite de confianza inferior | E27: Límite de confianza superior
A28: 2003 | B28: 6.49
A29: 2004 | B29: 5.5
A30: 2005 | B30: 4.85
A31: 2006 | B31: 4.48
A32: 2007 | B32: 5.69
A33: 2008 | B33: 7.67
A34: 2009 | B34: 2
A35: 2010 | B35: 3.17
A36: 2011 | B36: 3.73
A37: 2012 | B37: 2.44
A38: 2013 | B38: 1.94
A39: 2014 | B39: 3.66
... A48: 2023 | B48: 9.28
A49: 2024 | B49: 5.2 | C49: 5.2 | D49: 5.2 | E49: 5.2
A50: 2025 | C50: =_xlfn.FORECAST.ETS(A50,$B$28:$B$49,$A$28:$A$49,1,1) -> 9.4743959 | D50: =C50-_xlfn.FORECAST.ETS.CONFINT(A50,$B$28:$B$49,$A$28:$A$49,0.95,1,1) -> 4.0083838 | E50: =C50+_xlfn.FORECAST.ETS.CONFINT(A50,$B$28:$B$49,$A$28:$A$49,0.95,1,1) -> 14.940408
A51: 2026 | C51: =_xlfn.FORECAST.ETS(A51,$B$28:$B$49,$A$28:$A$49,1,1) -> 10.457182 | D51: =C51-_xlfn.FORECAST.ETS.CONFINT(A51,$B$28:$B$49,$A$28:$A$49,0.95,1,1) -> 4.821617 | E51: =C51+_xlfn.FORECAST.ETS.CONFINT(A51,$B$28:$B$49,$A$28:$A$49,0.95,1,1) -> 16.092746
A52: 2027 | C52: =_xlfn.FORECAST.ETS(A52,$B$28:$B$49,$A$28:$A$49,1,1) -> 11.439967 | D52: =C52-_xlfn.FORECAST.ETS.CONFINT(A52,$B$28:$B$49,$A$28:$A$49,0.95,1,1) -> 5.4413407 | E52: =C52+_xlfn.FORECAST.ETS.CONFINT(A52,$B$28:$B$49,$A$28:$A$49,0.95,1,1) -> 17.438594
A53: 2028 | C53: =_xlfn.FORECAST.ETS(A53,$B$28:$B$49,$A$28:$A$49,1,1) -> 12.422753 | D53: =C53-_xlfn.FORECAST.ETS.CONFINT(A53,$B$28:$B$49,$A$28:$A$49,0.95,1,1) -> 5.8286078 | E53: =C53+_xlfn.FORECAST.ETS.CONFINT(A53,$B$28:$B$49,$A$28:$A$49,0.95,1,1) -> 19.016898
A54: 2029 | C54: =_xlfn.FORECAST.ETS(A54,$B$28:$B$49,$A$28:$A$49,1,1) -> 13.405538 | D54: =C54-_xlfn.FORECAST.ETS.CONFINT(A54,$B$28:$B$49,$A$28:$A$49,0.95,1,1) -> 5.9764778 | E54: =C54+_xlfn.FORECAST.ETS.CONFINT(A54,$B$28:$B$49,$A$28:$A$49,0.95,1,1) -> 20.834599
A55: 2030 | C55: =_xlfn.FORECAST.ETS(A55,$B$28:$B$49,$A$28:$A$49,1,1) -> 14.388324 | D55: =C55-_xlfn.FORECAST.ETS.CONFINT(A55,$B$28:$B$49,$A$28:$A$49,0.95,1,1) -> 5.9005821 | E55: =C55+_xlfn.FORECAST.ETS.CONFINT(A55,$B$28:$B$49,$A$28:$A$49,0.95,1,1) -> 22.876066
A57: 2. INDEXACIÓN SALARIOS
A58: # CATEGORIA | B58: Cargos Categorías Profesionales | C58: EXPERIENCIA | E58: TARIFAS PRECIOS DE REFERENCIA (IDU) | G58: PROYECCIÓN IPC 2026 | H58: PROYECCIÓN IPC 2027
C59: General | D59: Especifica | E59: CODIGO | F59: TARIFA SIN PRESTACIONES 2025 | G59: TARIFA SIN PRESTACIONES 2026 | H59: TARIFA SIN PRESTACIONES 2027
A60: CATEGORIA 1 | B60: Funciones del Director o Especialista de Proyectos | C60: >= 12 años | D60: >=10 años | E60: 9107 | F60: 16543000 | G60: =+ROUND(F60*(1+$C$50/100),0) -> 18110349 | H60: =+ROUND(G60*(1+$C$51/100),0) -> 20004181
A61: CATEGORIA 2 | B61: Funciones del Director o Especialista de Proyectos | C61: >= 10 años | D61: >= 8 años | E61: 9108 | F61: 12608000 | G61: =+ROUND(F61*(1+$C$50/100),0) -> 13802532 | H61: =+ROUND(G61*(1+$C$51/100),0) -> 15245888
A62: CATEGORIA 3 | B62: Experiencia técnica y administrativa para Especialista de Proyectos | C62: >= 8 años | D62: >= 5 años | E62: 9109 | F62: 10640000 | G62: =+ROUND(F62*(1+$C$50/100),0) -> 11648076 | H62: =+ROUND(G62*(1+$C$51/100),0) -> 12866136
A63: CATEGORIA 4 | B63: Experiencia técnica y administrativa para esp} | C63: >= 6 años | D63: >= 4 años | E63: 9110 | F63: 9060000 | G63: =+ROUND(F63*(1+$C$50/100),0) -> 9918380 | H63: =+ROUND(G63*(1+$C$51/100),0) -> 10955563
A64: CATEGORIA 5 | B64: Experiencia técnica y administrativa para Residente de Proyectos | C64: >= 4 años | D64: >= 3 años | E64: 9111 | F64: 8172000 | G64: =+ROUND(F64*(1+$C$50/100),0) -> 8946248 | H64: =+ROUND(G64*(1+$C$51/100),0) -> 9881773
A65: CATEGORIA 6 | B65: Profesional | C65: >= 3 años | D65: >= 1 años | E65: 9112 | F65: 7287000 | G65: =+ROUND(F65*(1+$C$50/100),0) -> 7977399 | H65: =+ROUND(G65*(1+$C$51/100),0) -> 8811610
A66: CATEGORIA 7 | B66: Profesional | C66: >= 2 años | E66: 9113 | F66: 5510000 | G66: =+ROUND(F66*(1+$C$50/100),0) -> 6032039 | H66: =+ROUND(G66*(1+$C$51/100),0) -> 6662820
A67: CATEGORIA 8 | B67: Profesional | C67: < 2 años | E67: 9114 | F67: 5200000 | G67: =+ROUND(F67*(1+$C$50/100),0) -> 5692669 | H67: =+ROUND(G67*(1+$C$51/100),0) -> 6287962

Sheet POE Y OFERTA ECONÓMICA
A2: OBJETO: REALIZAR LA INTERVENTORÍA INTEGRAL A LA FACTIBILIDAD, ESTUDIOS Y DISEÑOS DEFINITIVOS Y LA EJECUCIÓN DE LAS OBRAS DE ESPACIO PÚBLICO, EN EL MARCO DE LA ESTRATEGIA REVITALIZA TU BARRIO, EN LOS POLÍGONOS PRIORIZADOS POR LA SECRETARÍA DISTRITAL DE HÁBITAT. | K2: OBJETO: REALIZAR LA INTERVENTORÍA INTEGRAL A LA FACTIBILIDAD, ESTUDIOS Y DISEÑOS DEFINITIVOS Y LA EJECUCIÓN DE LAS OBRAS DE ESPACIO PÚBLICO, EN EL MARCO DE LA ESTRATEGIA REVITALIZA TU BARRIO, EN LOS POLÍGONOS PRIORIZADOS POR LA SECRETARÍA DISTRITAL DE HÁBITAT.
A3: SUBDIRECCIÓN DE OPERACIONES SUBSECRETARÍA DE COORDINACIÓN OPERATIVA
A4: PRESUPUESTO OFICIAL ESTIMADO - GRUPO NO. 3 | K4: OFERTA ECONÓMICA
A5: PRESUPUESTO OFICIAL PARA LA ETAPA 1
B7: ÍTEM | C7: DESCRIPCIÓN | D7: CANTIDAD | E7: CATEGORIA/CODIGO | F7: MESES | G7: DEDICACIÓN | H7: VR. UNITARIO | I7: VR. PARCIAL | K7: ETAPA 1
H8: SALARIO | I8: SUBTOTAL | K8: ÍTEM | L8: VR. UNITARIO | M8: VR. PARCIAL
L9: OFERTA ECONÓMICA | M9: SUBTOTAL OFERTA ECONÓMICA
B10: 10 | C10: PROFESIONAL CLAVE | I10: =SUM(I11:I17) -> 126609600 | K10: 10 | L10: PROFESIONAL CLAVE | M10: =SUM(M11:M17) -> 126609600
B11: 10.01 | C11: Director de la Interventoría | D11: 1 | E11: CATEGORIA 2 | F11: 9 | G11: 0.3 | H11: =+VLOOKUP(E11,'INDEXACIÓN Y HONORARIOS'!$A$60:$H$67,6,0) -> 12608000 | I11: =+ROUND(D11*F11*H11*(G11),0) -> 34041600 | K11: 10.01 | L11: =+H11 -> 12608000 | M11: =+ROUND(D11*F11*L11*(G11),0) -> 34041600
B12: 10.02 | C12: Especialista en diseño arquitectónico | D12: 1 | E12: CATEGORIA 3 | F12: 9 | G12: 0.3 | H12: =+VLOOKUP(E12,'INDEXACIÓN Y HONORARIOS'!$A$60:$H$67,6,0) -> 10640000 | I12: =+ROUND(D12*F12*H12*(G12),0) -> 28728000 | K12: 10.02 | L12: =+H12 -> 10640000 | M12: =+ROUND(D12*F12*L12*(G12),0) -> 28728000
B13: 10.03 | C13: Especialista en paisajismo | D13: 1 | E13: CATEGORIA 3 | F13: 7 | G13: 0.2 | H13: =+VLOOKUP(E13,'INDEXACIÓN Y HONORARIOS'!$A$60:$H$67,6,0) -> 10640000 | I13: =+ROUND(D13*F13*H13*(G13),0) -> 14896000 | K13: 10.03 | L13: =+H13 -> 10640000 | M13: =+ROUND(D13*F13*L13*(G13),0) -> 14896000
B14: 10.04 | C14: Especialista en Vías | D14: 1 | E14: CATEGORIA 3 | F14: 5 | G14: 0.2 | H14: =+VLOOKUP(E14,'INDEXACIÓN Y HONORARIOS'!$A$60:$H$67,6,0) -> 10640000 | I14: =+ROUND(D14*F14*H14*(G14),0) -> 10640000 | K14: 10.04 | L14: =+H14 -> 10640000 | M14: =+ROUND(D14*F14*L14*(G14),0) -> 10640000
B15: 10.05 | C15: Especialista en Transporte y Movilidad | D15: 1 | E15: CATEGORIA 3 | F15: 6 | G15: 0.2 | H15: =+VLOOKUP(E15,'INDEXACIÓN Y HONORARIOS'!$A$60:$H$67,6,0) -> 10640000 | I15: =+ROUND(D15*F15*H15*(G15),0) -> 12768000 | K15: 10.05 | L15: =+H15 -> 10640000 | M15: =+ROUND(D15*F15*L15*(G15),0) -> 12768000
B16: 10.06 | C16: Especialista en redes eléctricas y Energía Solar | D16: 1 | E16: CATEGORIA 3 | F16: 6 | G16: 0.2 | H16: =+VLOOKUP(E16,'INDEXACIÓN Y HONORARIOS'!$A$60:$H$67,6,0) -> 10640000 | I16: =+ROUND(D16*F16*H16*(G16),0) -> 12768000 | K16: 10.06 | L16: =+H16 -> 10640000 | M16: =+ROUND(D16*F16*L16*(G16),0) -> 12768000
B17: 10.07 | C17: Especialista en redes hidrosanitarias. Suds y saneamiento básico | D17: 1 | E17: CATEGORIA 3 | F17: 6 | G17: 0.2 | H17: =+VLOOKUP(E17,'INDEXACIÓN Y HONORARIOS'!$A$60:$H$67,6,0) -> 10640000 | I17: =+ROUND(D17*F17*H17*(G17),0) -> 12768000 | K17: 10.07 | L17: =+H17 -> 10640000 | M17: =+ROUND(D17*F17*L17*(G17),0) -> 12768000
B19: 20 | C19: PROFESIONALES DE APOYO | I19: =SUM(I20:I27) -> 56947480 | K19: 20 | L19: PROFESIONALES DE APOYO | M19: =SUM(M20:M27) -> 56947480
B20: 20.01 | C20: Especialista en Estructuras | D20: 1 | E20: CATEGORIA 3 | F20: 4 | G20: 0.2 | H20: =+VLOOKUP(E20,'INDEXACIÓN Y HONORARIOS'!$A$60:$H$67,6,0) -> 10640000 | I20: =+ROUND(D20*F20*H20*(G20),0) -> 8512000 | K20: 20.01 | L20: =+H20 -> 10640000 | M20: =ROUND(D20*F20*L20*(G20),0) -> 8512000
B21: 20.02 | C21: Especialista en geotecnia | D21: 1 | E21: CATEGORIA 3 | F21: 4 | G21: 0.12 | H21: =+VLOOKUP(E21,'INDEXACIÓN Y HONORARIOS'!$A$60:$H$67,6,0) -> 10640000 | I21: =+ROUND(D21*F21*H21*(G21),0) -> 5107200 | K21: 20.02 | L21: =+H21 -> 10640000 | M21: =ROUND(D21*F21*L21*(G21),0) -> 5107200
B22: 20.03 | C22: Especialista en gestión ambiental (construcción sostenible) | D22: 1 | E22: CATEGORIA 3 | F22: 9 | G22: 0.2 | H22: =+VLOOKUP(E22,'INDEXACIÓN Y HONORARIOS'!$A$60:$H$67,6,0) -> 10640000 | I22: =+ROUND(D22*F22*H22*(G22),0) -> 19152000 | K22: 20.03 | L22: =+H22 -> 10640000 | M22: =ROUND(D22*F22*L22*(G22),0) -> 19152000
B23: 20.04 | C23: Ingeniero forestal | D23: 1 | E23: CATEGORIA 5 | F23: 4 | G23: 0.11 | H23: =+VLOOKUP(E23,'INDEXACIÓN Y HONORARIOS'!$A$60:$H$67,6,0) -> 8172000 | I23: =+ROUND(D23*F23*H23*(G23),0) -> 3595680 | K23: 20.04 | L23: =+H23 -> 8172000 | M23: =ROUND(D23*F23*L23*(G23),0) -> 3595680
B24: 20.05 | C24: Arqueólogo | D24: 1 | E24: CATEGORIA 5 | F24: 2 | G24: 0.1 | H24: =+VLOOKUP(E24,'INDEXACIÓN Y HONORARIOS'!$A$60:$H$67,6,0) -> 8172000 | I24: =+ROUND(D24*F24*H24*(G24),0) -> 1634400 | K24: 20.05 | L24: =+H24 -> 8172000 | M24: =ROUND(D24*F24*L24*(G24),0) -> 1634400
B25: 20.06 | C25: Profesional en presupuestos, especificaciones, cantidades, programación y APUS | D25: 1 | E25: CATEGORIA 6 | F25: 8 | G25: 0.1 | H25: =+VLOOKUP(E25,'INDEXACIÓN Y HONORARIOS'!$A$60:$H$67,6,0) -> 7287000 | I25: =+ROUND(D25*F25*H25*(G25),0) -> 5829600 | K25: 20.06 | L25: =+H25 -> 7287000 | M25: =ROUND(D25*F25*L25*(G25),0) -> 5829600
B26: 20.07 | C26: Profesional SST | D26: 1 | E26: CATEGORIA 6 | F26: 9 | G26: 0.1 | H26: =+VLOOKUP(E26,'INDEXACIÓN Y HONORARIOS'!$A$60:$H$67,6,0) -> 7287000 | I26: =+ROUND(D26*F26*H26*(G26),0) -> 6558300 | K26: 20.07 | L26: =+H26 -> 7287000 | M26: =ROUND(D26*F26*L26*(G26),0) -> 6558300
B27: 20.08 | C27: Profesional en gestión social | D27: 1 | E27: CATEGORIA 6 | F27: 9 | G27: 0.1 | H27: =+VLOOKUP(E27,'INDEXACIÓN Y HONORARIOS'!$A$60:$H$67,6,0) -> 7287000 | I27: =+ROUND(D27*F27*H27*(G27),0) -> 6558300 | K27: 20.08 | L27: =+H27 -> 7287000 | M27: =ROUND(D27*F27*L27*(G27),0) -> 6558300
B29: 30 | C29: PROFESIONALES PARA SEGUIMIENTO NORMATIVO | I29: =SUM(I30:I32) -> 8835600 | K29: 30 | L29: PROFESIONALES PARA SEGUIMIENTO NORMATIVO | M29: =SUM(M30:M32) -> 8835600
B30: 30.01 | C30: Especialista en Urbanismo | D30: 1 | E30: CATEGORIA 3 | F30: 3 | G30: 0.1 | H30: =+VLOOKUP(E30,'INDEXACIÓN Y HONORARIOS'!$A$60:$H$67,6,0) -> 10640000 | I30: =+ROUND(D30*F30*H30*(G30),0) -> 3192000 | K30: 30.01 | L30: =+H30 -> 10640000 | M30: =ROUND(D30*F30*L30*(G30),0) -> 3192000
B31: 30.02 | C31: Ingeniero catastral SIG | D31: 1 | E31: CATEGORIA 5 | F31: 3 | G31: 0.1 | H31: =+VLOOKUP(E31,'INDEXACIÓN Y HONORARIOS'!$A$60:$H$67,6,0) -> 8172000 | I31: =+ROUND(D31*F31*H31*(G31),0) -> 2451600 | K31: 30.02 | L31: =+H31 -> 8172000 | M31: =ROUND(D31*F31*L31*(G31),0) -> 2451600
B32: 30.03 | C32: Especialista derecho urbano | D32: 1 | E32: CATEGORIA 3 | F32: 3 | G32: 0.1 | H32: =+VLOOKUP(E32,'INDEXACIÓN Y HONORARIOS'!$A$60:$H$67,6,0) -> 10640000 | I32: =+ROUND(D32*F32*H32*(G32),0) -> 3192000 | K32: 30.03 | L32: =+H32 -> 10640000 | M32: =ROUND(D32*F32*L32*(G32),0) -> 3192000
B34: 40 | C34: OTRO PERSONAL | I34: =+I35+I36 -> 8916000 | K34: 40 | L34: OTRO PERSONAL | M34: =+M35+M36 -> 8916000
B35: 40.01 | C35: Ingeniero topógrafo | D35: 1 | E35: CATEGORIA 7 | F35: 6 | G35: 0.2 | H35: =+VLOOKUP(E35,'INDEXACIÓN Y HONORARIOS'!$A$60:$H$67,6,0) -> 5510000 | I35: =+ROUND(D35*F35*H35*(G35),0) -> 6612000 | K35: 40.01 | L35: =+H35 -> 5510000 | M35: =ROUND(D35*F35*L35*(G35),0) -> 6612000
B36: 40.02 | C36: Cadenero 2 | D36: 1 | E36: 9098 | F36: =+F35 -> 6 | G36: =+G35 -> 0.2 | H36: 1920000 | I36: =+ROUND(D36*F36*H36*(G36),0) -> 2304000 | K36: 40.02 | L36: =+H36 -> 1920000 | M36: =ROUND(D36*F36*L36*(G36),0) -> 2304000
B38: 50 | C38: PERSONAL + FACTOR MULTIPLICADOR | K38: 50 | L38: PERSONAL + FACTOR MULTIPLICADOR
B39: 50.01 | C39: FM | F39: % | G39: 1.936075 | H39: =+I34+I29+I19+I10 -> 201308680 | I39: =ROUND(H39*G39,0) -> 389748703 | K39: 50.01 | L39: =+M34+M29+M19+M10 -> 201308680 | M39: =+ROUND(L39*G39,0) -> 389748703
B41: 60 | C41: EQUIPOS | F41: MESES | G41: DEDICACIÓN | H41: VALOR MENSUAL | I41: SUBTOTAL | K41: 60 | L41: EQUIPOS
B42: 60.01 | C42: Alquiler Equipo completo de topografía | F42: =+F36 -> 6 | G42: =+G36 -> 0.2 | H42: 6600000 | I42: =ROUND(G42*H42*F42,0) -> 7920000 | K42: 60.01 | L42: =+H42 -> 6600000 | M42: =ROUND(G42*L42*F42,0) -> 7920000
B43: 60.02 | C43: Alquiler Vehículo Hasta 2600 cc | F43: 7 | G43: 0.3 | H43: 5000000 | I43: =ROUND(G43*H43*F43,0) -> 10500000 | K43: 60.02 | L43: =+H43 -> 5000000 | M43: =ROUND(G43*L43*F43,0) -> 10500000
B45: TOTAL COSTOS INTERVENTORÍA A ESTUDIOS Y DISEÑOS | I45: =+I43+I42+I39 -> 408168703 | K45: TOTAL COSTOS INTERVENTORÍA A ESTUDIOS Y DISEÑOS | M45: =+M39+M42+M43 -> 408168703
B46: IVA DE INTERVENTORÍA A ESTUDIOS Y DISEÑOS | I46: =ROUND(I45*J46,0) -> 77552054 | J46: 0.19 | K46: IVA DE INTERVENTORÍA A ESTUDIOS Y DISEÑOS | M46: =+ROUND(M45*0.19,0) -> 77552054
B47: PRESUPUESTO OFICIAL ETAPA 1 | I47: =SUM(I45:I46) -> 485720757 | K47: TOTAL OFERTA ECONOMICA ETAPA 1 | M47: =+M45+M46 -> 485720757
A49: PRESUPUESTO OFICIAL PARA LA ETAPA 2 | K49: ETAPA 2
B51: ÍTEM | C51: DESCRIPCIÓN | D51: CANTIDAD | E51: CATEGORIA/CODIGO | F51: MESES | G51: DEDICACIÓN | H51: VR. UNITARIO | I51: VR. PARCIAL | K51: ÍTEM | L51: VR. UNITARIO | M51: VR. PARCIAL
H52: SALARIO | I52: SUBTOTAL | L52: OFERTA ECONÓMICA | M52: SUBTOTAL OFERTA ECONÓMICA
B53: 10 | C53: PROFESIONAL CLAVE | I53: =SUM(I54:I60) -> 348651440 | K53: 10 | L53: PROFESIONAL CLAVE | M53: =SUM(M54:M60) -> 348651440
B54: 10.01 | C54: Director de la Interventoría | D54: 1 | E54: CATEGORIA 2 | F54: 14 | G54: 0.3 | H54: =+VLOOKUP(E54,'INDEXACIÓN Y HONORARIOS'!$A$60:$H$67,7,0) -> 13802532 | I54: =ROUND(D54*F54*H54*(G54),0) -> 57970634 | K54: 10.01 | L54: =+H54 -> 13802532 | M54: =+ROUND(D54*F54*L54*(G54),0) -> 57970634
B55: 10.02 | C55: Residente de Interventoría | D55: 2 | E55: CATEGORIA 5 | F55: 14 | G55: 1 | H55: =+VLOOKUP(E55,'INDEXACIÓN Y HONORARIOS'!$A$60:$H$67,7,0) -> 8946248 | I55: =ROUND(D55*F55*H55*(G55),0) -> 250494944 | K55: 10.02 | L55: =+H55 -> 8946248 | M55: =+ROUND(D55*F55*L55*(G55),0) -> 250494944
B56: 10.03 | C56: Especialista en paisajismo | D56: 1 | E56: CATEGORIA 3 | F56: 4 | G56: 0.15 | H56: =+VLOOKUP(E56,'INDEXACIÓN Y HONORARIOS'!$A$60:$H$67,7,0) -> 11648076 | I56: =ROUND(D56*F56*H56*(G56),0) -> 6988846 | K56: 10.03 | L56: =+H56 -> 11648076 | M56: =+ROUND(D56*F56*L56*(G56),0) -> 6988846
B57: 10.04 | C57: Especialista en Vías | D57: 1 | E57: CATEGORIA 3 | F57: 4 | G57: 0.15 | H57: =+VLOOKUP(E57,'INDEXACIÓN Y HONORARIOS'!$A$60:$H$67,7,0) -> 11648076 | I57: =ROUND(D57*F57*H57*(G57),0) -> 6988846 | K57: 10.04 | L57: =+H57 -> 11648076 | M57: =+ROUND(D57*F57*L57*(G57),0) -> 6988846
B58: 10.05 | C58: Especialista en Transporte y Movilidad | D58: 1 | E58: CATEGORIA 3 | F58: 3 | G58: 0.15 | H58: =+VLOOKUP(E58,'INDEXACIÓN Y HONORARIOS'!$A$60:$H$67,7,0) -> 11648076 | I58: =ROUND(D58*F58*H58*(G58),0) -> 5241634 | K58: 10.05 | L58: =+H58 -> 11648076 | M58: =+ROUND(D58*F58*L58*(G58),0) -> 5241634
B59: 10.06 | C59: Especialista en redes eléctricas y Energía Solar | D59: 1 | E59: CATEGORIA 3 | F59: 6 | G59: 0.15 | H59: =+VLOOKUP(E59,'INDEXACIÓN Y HONORARIOS'!$A$60:$H$67,7,0) -> 11648076 | I59: =ROUND(D59*F59*H59*(G59),0) -> 10483268 | K59: 10.06 | L59: =+H59 -> 11648076 | M59: =+ROUND(D59*F59*L59*(G59),0) -> 10483268
B60: 10.07 | C60: Especialista en redes hidrosanitarias. Suds y saneamiento básico | D60: 1 | E60: CATEGORIA 3 | F60: 6 | G60: 0.15 | H60: =+VLOOKUP(E60,'INDEXACIÓN Y HONORARIOS'!$A$60:$H$67,7,0) -> 11648076 | I60: =ROUND(D60*F60*H60*(G60),0) -> 10483268 | K60: 10.07 | L60: =+H60 -> 11648076 | M60: =+ROUND(D60*F60*L60*(G60),0) -> 10483268
B62: 30 | C62: PROFESIONALES DE APOYO | I62: =SUM(I63:I71) -> 314998996 | K62: 30 | L62: PROFESIONALES DE APOYO | M62: =SUM(M63:M71) -> 314998996
B63: 30.01 | C63: Especialista en Estructuras | D63: 1 | E63: CATEGORIA 3 | F63: 2 | G63: 0.15 | H63: =+VLOOKUP(E63,'INDEXACIÓN Y HONORARIOS'!$A$60:$H$67,7,0) -> 11648076 | I63: =ROUND(D63*F63*H63*(G63),0) -> 3494423 | K63: 30.01 | L63: =+H63 -> 11648076 | M63: =+ROUND(D63*F63*L63*(G63),0) -> 3494423
B64: 30.02 | C64: Especialista en geotecnia | D64: 1 | E64: CATEGORIA 3 | F64: 2 | G64: 0.15 | H64: =+VLOOKUP(E64,'INDEXACIÓN Y HONORARIOS'!$A$60:$H$67,7,0) -> 11648076 | I64: =ROUND(D64*F64*H64*(G64),0) -> 3494423 | K64: 30.02 | L64: =+H64 -> 11648076 | M64: =+ROUND(D64*F64*L64*(G64),0) -> 3494423
B65: 30.03 | C65: Especialista en gestión ambiental (construcción sostenible) | D65: 1 | E65: CATEGORIA 3 | F65: 14 | G65: 0.2 | H65: =+VLOOKUP(E65,'INDEXACIÓN Y HONORARIOS'!$A$60:$H$67,7,0) -> 11648076 | I65: =ROUND(D65*F65*H65*(G65),0) -> 32614613 | K65: 30.03 | L65: =+H65 -> 11648076 | M65: =+ROUND(D65*F65*L65*(G65),0) -> 32614613
B66: 30.04 | C66: Especialista en gestión de calidad | D66: 1 | E66: CATEGORIA 3 | F66: 14 | G66: 0.2 | H66: =+VLOOKUP(E66,'INDEXACIÓN Y HONORARIOS'!$A$60:$H$67,7,0) -> 11648076 | I66: =ROUND(D66*F66*H66*(G66),0) -> 32614613 | K66: 30.04 | L66: =+H66 -> 11648076 | M66: =+ROUND(D66*F66*L66*(G66),0) -> 32614613
B67: 30.05 | C67: Ingeniero forestal | D67: 1 | E67: CATEGORIA 5 | F67: 6 | G67: 0.15 | H67: =+VLOOKUP(E67,'INDEXACIÓN Y HONORARIOS'!$A$60:$H$67,7,0) -> 8946248 | I67: =ROUND(D67*F67*H67*(G67),0) -> 8051623 | K67: 30.05 | L67: =+H67 -> 8946248 | M67: =+ROUND(D67*F67*L67*(G67),0) -> 8051623
B68: 30.06 | C68: Arqueólogo | D68: 1 | E68: CATEGORIA 5 | F68: 2 | G68: 0.1 | H68: =+VLOOKUP(E68,'INDEXACIÓN Y HONORARIOS'!$A$60:$H$67,7,0) -> 8946248 | I68: =ROUND(D68*F68*H68*(G68),0) -> 1789250 | K68: 30.06 | L68: =+H68 -> 8946248 | M68: =+ROUND(D68*F68*L68*(G68),0) -> 1789250
B69: 30.07 | C69: Profesional en presupuestos, especificaciones, cantidades, programación y APUS | D69: 1 | E69: CATEGORIA 6 | F69: 8 | G69: 0.15 | H69: =+VLOOKUP(E69,'INDEXACIÓN Y HONORARIOS'!$A$60:$H$67,7,0) -> 7977399 | I69: =ROUND(D69*F69*H69*(G69),0) -> 9572879 | K69: 30.07 | L69: =+H69 -> 7977399 | M69: =+ROUND(D69*F69*L69*(G69),0) -> 9572879
B70: 30.08 | C70: Profesional SST | D70: 2 | E70: CATEGORIA 6 | F70: 14 | G70: 0.5 | H70: =+VLOOKUP(E70,'INDEXACIÓN Y HONORARIOS'!$A$60:$H$67,7,0) -> 7977399 | I70: =ROUND(D70*F70*H70*(G70),0) -> 111683586 | K70: 30.08 | L70: =+H70 -> 7977399 | M70: =+ROUND(D70*F70*L70*(G70),0) -> 111683586
B71: 30.09 | C71: Profesional en gestión social | D71: 2 | E71: CATEGORIA 6 | F71: 14 | G71: 0.5 | H71: =+VLOOKUP(E71,'INDEXACIÓN Y HONORARIOS'!$A$60:$H$67,7,0) -> 7977399 | I71: =ROUND(D71*F71*H71*(G71),0) -> 111683586 | K71: 30.09 | L71: =+H71 -> 7977399 | M71: =+ROUND(D71*F71*L71*(G71),0) -> 111683586
B73: 40 | C73: PROFESIONALES DE PROYECTO URBANISTICO | I73: =SUM(I74:I75) -> 7850190 | K73: 30 | L73: PROFESIONALES DE PROYECTO URBANISTICO | M73: =SUM(M74:M75) -> 7850190
B74: 40.01 | C74: Ingeniero catastral SIG | D74: 1 | E74: CATEGORIA 6 | F74: 2 | G74: 0.2 | H74: =+VLOOKUP(E74,'INDEXACIÓN Y HONORARIOS'!$A$60:$H$67,7,0) -> 7977399 | I74: =ROUND(D74*F74*H74*(G74),0) -> 3190960 | K74: 30.01 | L74: =+H74 -> 7977399 | M74: =+ROUND(D74*F74*L74*(G74),0) -> 3190960
B75: 40.02 | C75: Especialista derecho urbano | D75: 1 | E75: CATEGORIA 3 | F75: 2 | G75: 0.2 | H75: =+VLOOKUP(E75,'INDEXACIÓN Y HONORARIOS'!$A$60:$H$67,7,0) -> 11648076 | I75: =ROUND(D75*F75*H75*(G75),0) -> 4659230 | K75: 30.02 | L75: =+H75 -> 11648076 | M75: =+ROUND(D75*F75*L75*(G75),0) -> 4659230
B77: 50 | C77: OTRO PERSONAL | I77: =SUM(I78:I79) -> 32842810 | K77: 40 | L77: OTRO PERSONAL | M77: =+M78+M79 -> 32842810
B78: 50.01 | C78: Ingeniero topógrafo | D78: 1 | E78: CATEGORIA 7 | F78: 14 | G78: 0.28774288 | H78: =+VLOOKUP(E78,'INDEXACIÓN Y HONORARIOS'!$A$60:$H$67,7,0) -> 6032039 | I78: =ROUND(D78*F78*H78*(G78),0) -> 24299468 | K78: 40.01 | L78: =+H78 -> 6032039 | M78: =+ROUND(D78*F78*L78*(G78),0) -> 24299468
B79: 50.02 | C79: Cadenero 2 | D79: 1 | E79: 9098 | F79: 14 | G79: =+G78 -> 0.28774288 | H79: =+H36*(1+'INDEXACIÓN Y HONORARIOS'!$C$51/100) -> 2120777.9 | I79: =ROUND(D79*F79*H79*(G79),0) -> 8543342 | K79: 40.02 | L79: =+H79 -> 2120777.9 | M79: =+ROUND(D79*F79*L79*(G79),0) -> 8543342
B81: 60 | C81: PERSONAL + FACTOR MULTIPLICADOR | K81: 50 | L81: PERSONAL + FACTOR MULTIPLICADOR
B82: 50.01 | C82: FM | F82: % | G82: 1.956075 | H82: =+I77+I73+I62+I53 -> 704343436 | I82: =ROUND(H82*G82,0) -> 1377748587 | K82: 50.01 | L82: =+M77+M73+M62+M53 -> 704343436 | M82: =+ROUND(L82*G82,0) -> 1377748587
B84: 70 | C84: EQUIPOS | F84: MESES | G84: DEDICACIÓN | H84: VALOR MENSUAL | I84: SUBTOTAL | K84: 60 | L84: EQUIPOS
B85: 60.01 | C85: Equipo de topografia estación total | E85: 13420 | F85: 14 | G85: =+G78 -> 0.28774288 | H85: =+H42*(1+'INDEXACIÓN Y HONORARIOS'!$C$51/100) -> 7290174 | I85: =ROUND(G85*H85*F85,0) -> 29367740 | K85: 60.01 | L85: =+H85 -> 7290174 | M85: =ROUND(G85*L85*F85,0) -> 29367740
B86: 60.02 | C86: Alquiler de vehiculo | E86: 9456 | F86: 14 | G86: 0.1 | H86: =+H43*(1+'INDEXACIÓN Y HONORARIOS'!$C$51/100) -> 5522859.1 | I86: =ROUND(G86*H86*F86,0) -> 7732003 | K86: 60.02 | L86: =+H86 -> 5522859.1 | M86: =ROUND(G86*L86*F86,0) -> 7732003
B88: TOTAL COSTOS INTERVENTORÍA A CONSTRUCCIÓN | I88: =+I86+I85+I82 -> 1414848330 | K88: TOTAL COSTOS INTERVENTORÍA A CONSTRUCCIÓN | M88: =+M82+M85+M86 -> 1414848330
B89: IVA DE INTERVENTORÍA A CONSTRUCCIÓN | I89: =+ROUND(I88*J89,0) -> 268821183 | J89: 0.19 | K89: IVA DE INTERVENTORÍA A CONSTRUCCIÓN | M89: =+ROUND(M88*0.19,0) -> 268821183
B90: PRESUPUESTO OFICIAL ETAPA 2 | I90: =SUM(I88:I89) -> 1683669513 | K90: TOTAL OFERTA ECONOMICA ETAPA 2 | M90: =+M88+M89 -> 1683669513
B92: TOTAL PRESUPUESTO OFICIAL DEL PROCESO | I92: =+I90+I47 -> 2169390270 | K92: TOTAL OFERTA ECONOMICA | M92: =+M90+M47 -> 2169390270
B94: NOTAS: 1- El proponente con la presentación de su oferta no debe superar los valores unitarios estimados por la SDHT para los profesionales, equipos y Factor Multiplicador de la Etapa 1. 2- El proponente con la presentación de su oferta, acepta haber realizado una lectura integral de los documentos del proceso de selección y asi mismo dar cumplimiento a las condiciones establecidas en los Estudios Previos, Pliego de Condiciones, Anexo Técnico y demas apendices y documentos que hacen parte integral del proceso de contratación. 3- El presupuesto oficial estimado del proceso de selección, que incluye las estimaciones de la Etapa 1 y de la Etapa 2 ,se establece como un valor global, en ese sentido, con la presentación de la oferta por parte del proponente, se aceptan las condiciones de diseño y construcción para las áreas de intervención del grupo de contración definidas en los documentos del proceso de contratación, lo que incluye, costos de personal, administrativo, impuestos, estampillas, garantias y los demas aplicables. 4- Unicamente modificar valores en amarillo del valor de la oferta ecónomica. 5 - El proponente con la presentación de su oferta acepta la forma de pago señalada en los Estudios Previos del contrato y la minuta del mismo, en ese sentido, acepta la formas de pagos definidas para la Etapa 1 y la Etapa 2. 6- El proponente con la presentación de su oferta acepta dar cumplimiento a los requisitos señalados en la condiciones particulares definidas del Anexo Técnico, de manera transversal y para cada una de las Etapas de desarrollo del contrato. | K94: NOMBRE DEL REPRESENTANTE LEGAL DEL OFERENTE:
K97: FIRMA:
